 Dungeon Crawl Stone Soup version 0.22-a0-377-g846bec1 (webtiles) character file.

550873 mhoghedin the Slayer (level 27, -7/189 HPs)
             Began as a Kobold Berserker on Apr 26, 2018.
             Was the Champion of Trog.
             Killed from afar by a golden dragon (35 damage)
             ... with a bolt of cold
             ... on level 1 of the Realm of Zot on Apr 27, 2018.
             The game lasted 03:55:11 (78513 turns).

mhoghedin the Slayer (Kobold Berserker)            Turns: 78513, Time: 03:55:12

Health: -7/189     AC: 26    Str: 27    XL:     27
Magic:  33/33      EV: 30    Int:  7    God:    Trog [******]
Gold:   4425       SH:  0    Dex: 21    Spells: 26/26 levels left

rFire    + + +     SeeInvis +   b - +6 lajatang of Blood-Lust {vamp, Dex+4}
rCold    . . .     Gourm    .   (shield currently unavailable)
rNeg     + . .     Faith    +   V - +4 scale mail of Integrity {Slay+5}
rPois    .         Spirit   .   P - +0 helmet {Int+3}
rElec    +         Reflect  .   H - +2 cloak of the Thief {+Fog Slay-2 SInv Stlth+}
rCorr    .         Harm     .   t - +1 pair of gloves of Loss {rF++ rN+}
MR       +++..                  D - +2 pair of boots {Stlth+}
Stlth    +++++.....             r - amulet of faith {Faith, !P}
HPRegen  0.41/turn              y - ring of Demons {rElec Str+2 Int-2 Stlth-}
MPRegen  0.23/turn              u - ring of protection from magic {MR+, !d}

@: about to teleport, constricted, drained
A: small, blink, carnivore, dopey 1, fire resistance 1
}: 3/15 runes: barnacled, silver, gossamer
a: Blink, Berserk, Trog's Hand, Brothers in Arms, Renounce Religion, Evoke Fog


You were on level 1 of the Realm of Zot.
You worshipped Trog.
Trog was exalted by your worship.
You were full.

You visited 9 branches of the dungeon, and saw 45 of its levels.
You visited the Abyss 1 time.
You also visited: Labyrinth, Ossuary, Bailey and Wizlab.

You collected 7619 gold pieces.
You spent 3194 gold pieces at shops.

Inventory:

Hand Weapons
 b - the +6 lajatang of Blood-Lust (weapon) {vamp, Dex+4}
   (You found it on level 3 of the Elven Halls)

   It inflicts no extra harm, but heals its wielder when it wounds a living foe.
   It affects your dexterity (+4).
 z - a +2 antimagic lajatang
   (Trog gifted it to you on level 1 of the Realm of Zot)
 W - a +4 eveningstar of electrocution
   (Trog gifted it to you on level 1 of the Vaults)
Missiles
 w - 21 throwing nets {=f, !d}
 R - 5 tomahawks of dispersal {=f}
Armour
 t - the +1 pair of gloves of Loss (worn) {rF++ rN+}
   (You acquired it on level 2 of the Lair of Beasts)

   It greatly protects you from fire.
   It protects you from negative energy.
 D - a +2 pair of boots of stealth (worn)
   (You found it on level 8 of the Dungeon)
 H - the +2 cloak of the Thief (worn) {+Fog Slay-2 SInv Stlth+}
   (You found it in a wizard's laboratory)

   It affects your accuracy and damage with ranged weapons and melee attacks
   (-2).
   It lets you see invisible.
   It makes you more stealthy.
 P - a +0 helmet of intelligence (worn)
   (You found it on level 3 of the Abyss)
 V - the +4 scale mail of Integrity (worn) {Slay+5}
   (You found it on level 4 of the Vaults)

   It affects your accuracy and damage with ranged weapons and melee attacks
   (+5).
Jewellery
 o - an uncursed ring of flight {+Fly, !d}
   (You took it off a vault guard on level 4 of the Vaults)
 r - an amulet of faith (around neck) {Faith, !P}
   (You found it on level 4 of the Dungeon)
 u - a ring of protection from magic (right hand) {MR+, !d}
   (You found it on level 3 of the Lair of Beasts)
 y - the ring of Demons (left hand) {rElec Str+2 Int-2 Stlth-}
   (You found it on level 3 of the Depths)

   [ring of loudness]

   It affects your strength (+2).
   It affects your intelligence (-2).
   It insulates you from electricity.
   It makes you less stealthy.
 Y - an uncursed ring of protection from cold {rC+, !d}
   (You took it off a vault sentinel on level 1 of the Vaults)
Wands
 h - a wand of iceblast (15)
   (You found it on level 1 of the Vaults)
 B - a wand of digging (44)
   (You took it off an orc on level 6 of the Dungeon)
 E - a wand of scattershot (2)
   (You found it on level 4 of the Vaults)
 K - a wand of acid (6)
   (You found it on level 2 of the Lair of Beasts)
 Q - a wand of polymorph (46)
   (You found it in a labyrinth)
 S - a wand of paralysis (29)
   (You found it in a labyrinth)
Scrolls
 d - 3 scrolls of immolation {!r}
 g - 8 scrolls of fog
 l - a scroll of silence
 n - 12 scrolls of remove curse
 p - 2 scrolls of fear
 q - 12 scrolls of identify
 x - 5 scrolls of blinking {!r}
 F - 5 scrolls of magic mapping {!r}
 J - 8 scrolls of teleportation
 X - a scroll of summoning
Potions
 e - 5 potions of flight
 f - a potion of heal wounds
 i - 4 potions of haste
 m - 3 potions of magic
 s - 4 potions of resistance
 v - 6 potions of curing
 C - 2 potions of ambrosia
 L - a potion of agility
 M - 3 potions of might
 N - 9 potions of mutation {!q}
 U - a potion of brilliance
Miscellaneous
 j - 2 phantom mirrors
 A - 2 boxes of beasts
 G - a phial of floods
   (You found it on level 3 of the Abyss)
 I - a lamp of fire
   (You found it on level 1 of the Lair of Beasts)
 T - a fan of gales
   (You found it in a labyrinth)
 Z - a lightning rod (4/4)
   (You found it on level 3 of the Elven Halls)
Comestibles
 c - 45 rations


   Skills:
 + Level 23.7(23.6) Fighting
   Level 10.1 Short Blades
 - Level 15.8(16.6) Maces & Flails
 - Level 10.0(13.9) Staves
 + Level 16.5(16.4) Armour
 + Level 23.6(23.5) Dodging
 - Level 12.2(12.1) Stealth
   Level 9.2 Shields
 - Level 14.0(13.9) Evocations


You had 26 spell levels left.
You didn't know any spells.

Dungeon Overview and Level Annotations

Branches:
Dungeon (15/15)            Temple (0/1) D:4            Lair (6/6) D:11
 Shoals (4/4) Lair:4       Spider (4/4) Lair:2        Slime (0/5) Lair:6
    Orc (2/2) D:10            Elf (3/3) Orc:2        Vaults (5/5) D:13
  Crypt (0/3) Vaults:2     Depths (5/5) D:15            Zot (1/5) Depths:5

Altars:
Fedhas
Gozag
Hepliaklqana
Nemelex Xobeh
Okawaru
Sif Muna
Uskayaw
Vehumet
Wu Jian
Xom
Yredelemnul
Beogh
Jiyva

Shops:
D:7 (   D:15 (=   Orc:2 [*(:   Shoals:2 (   Shoals:4 %?*(   Vaults:1 !
Vaults:5 !

Portals:
Hell: Depths:2 Depths:3 Depths:4 Depths:5
Abyss: Depths:3 Depths:4 Depths:5
Pandemonium: Depths:3 Depths:5
Ziggurat: Depths:3
Trove: D:10 (give +6 demon blade)

Annotations:
D:3 2 transporters
D:4 soark's ghost, amateur DECj
D:7 Monsterracer's ghost, novice DsVM
D:8 Gastronok
D:13 exclusion: obsidian statue
D:14 VDreamerV's ghost, journeyman BaTm
Lair:4 exclusion: ice statue
Vaults:5 Sojobo
Depths:4 exclusion: obsidian statue
Abyss:1 Pikel; Sonja


Innate Abilities, Weirdness & Mutations

You are small and have problems with some larger weapons.
You are carnivorous and can eat meat at any time.
You can translocate small distances at will.
You are dopey. (Int -2)
Your flesh is heat resistant. (rF+)


Message History

The golden dragon misses you.
The golden dragon completely misses you.
You take 12 damage, and have 110/189 hp.
You are too injured to fight recklessly!
You are too injured to fight recklessly!
You are too injured to fight recklessly!
You are too injured to fight recklessly!
You slash the golden dragon!
You feel better.
The tentacled monstrosity tentacle-slaps you but does no damage. x2
The tentacled monstrosity barely misses you.
The tentacled monstrosity constricts you.
The golden dragon misses you.
The golden dragon claws you but does no damage.
The golden dragon tramples you but does no damage.
You regained 9 hp, and now have 119/189 hp.
You slice the golden dragon!! The golden dragon breathes cold at you.
The bolt of cold misses you.
You hit the golden dragon.
You feel better.
The tentacled monstrosity tentacle-slaps you but does no damage.
The tentacled monstrosity completely misses you.
The tentacled monstrosity tentacle-slaps you but does no damage.
The tentacled monstrosity constricts you.
The golden dragon breathes poison at you.
The blast of poison engulfs you!
You are poisoned.
The golden dragon bites you!!
The golden dragon completely misses you. x2
You take 18 damage, and have 101/189 hp.
The tentacled monstrosity's grasp on you weakens, but your attempt to escape fails.
You are engulfed in poison gas.
You are more poisoned.
You feel very sick.
The tentacled monstrosity tentacle-slaps you.
The tentacled monstrosity tentacle-slaps you but does no damage.
The tentacled monstrosity completely misses you.
The tentacled monstrosity constricts you.
The golden dragon completely misses you.
The golden dragon claws you!
The golden dragon closely misses you. x2
The golden dragon misses you. x2
You take 25 damage, and have 76/189 hp.
You escape the tentacled monstrosity's grasp.
You feel sick. The golden dragon breathes cold at you.
The bolt of cold hits you!
* * * LOW HITPOINT WARNING * * *
The golden dragon bites you!!
* * * LOW HITPOINT WARNING * * *
The golden dragon misses you. x2
You take 52 damage, and have 24/189 hp.
MASSIVE DAMAGE!!
As you read the scroll of teleportation, it crumbles to dust.
You feel strangely unstable.
You feel the Orb delaying your translocation!
You feel sick. The golden dragon closely misses you.
The golden dragon claws you but does no damage.
The golden dragon misses you. The golden dragon barely misses you.
The golden dragon claws you but does no damage.
The golden dragon misses you.
The tentacled monstrosity tentacle-slaps you but does no damage.
The tentacled monstrosity misses you.
The tentacled monstrosity tentacle-slaps you but does no damage.
The tentacled monstrosity closely misses you.
You take 1 damage, and have 23/189 hp.
MP restored: 33 You feel sick.
The golden dragon breathes cold at you. The bolt of cold misses you.
You take 1 damage, and have 22/189 hp.
You feel sick.
You take 2 damage, and have 20/189 hp.
You feel much better.
You feel sick. The golden dragon misses you.
The golden dragon closely misses you.
The golden dragon completely misses you.
The tentacled monstrosity tentacle-slaps you but does no damage. x2
The tentacled monstrosity misses you.
The tentacled monstrosity completely misses you.
You regained 14 hp, and now have 34/189 hp.
You feel sick. The golden dragon misses you.
The golden dragon closely misses you. The golden dragon misses you.
You take 1 damage, and have 33/189 hp.
You feel sick. The golden dragon breathes cold at you.
The bolt of cold misses you.
You take 1 damage, and have 32/189 hp.
You feel sick.
You take 1 damage, and have 31/189 hp.
You feel better. The tentacled monstrosity misses you.
The tentacled monstrosity tentacle-slaps you.
* * * LOW HITPOINT WARNING * * *
The tentacled monstrosity closely misses you.
The tentacled monstrosity grabs you.
* * * LOW HITPOINT WARNING * * *
The tentacled monstrosity constricts you.
You take 3 damage, and have 28/189 hp.
Unknown command.
The tentacled monstrosity's grasp on you weakens, but your attempt to escape fails.
The golden dragon breathes cold at you. The bolt of cold hits you!
You die...

######## ####......##
### ###X.........####..
##.@D...............
#.......D.§§§...........
#.........§§§§§.........
##........§§§§§§§..#....
#............§§§##.....
#............§.####.....
#.............####......
##...........## #.......
.......)# ##.......


You could see a tentacled monstrosity and 2 golden dragons.

Vanquished Creatures
  2 juggernauts
  Margery (Vaults:4)
  Xtahua (Vaults:5)
  4 golden dragons
  A hellephant (Depths:2)
  Rupert (Lair:4)
  4 tentacled monstrosities
  3 liches
  A quicksilver dragon (shapeshifter) (Depths:4)
  3 titans
  2 deep elf blademasters (Elf:2)
  2 deep elf master archers
  A quicksilver dragon (Vaults:5)
  3 tentacled starspawn (Abyss:3)
  4 sphinxes
  An eldritch tentacle (WizLab)
  Agnes (Spider:3)
  A death cob (Zot:1)
  6 tengu reavers
  A shadow dragon (shapeshifter) (Depths:5)
  6 shadow dragons
  4 storm dragons
  An azure jelly (shapeshifter) (Depths:4)
  Ilsuiw (Shoals:4)
  A draconian monk (Depths:5)
  4 ghost moths
  An emperor scorpion (Spider:4)
  8 deep elf sorcerers
  2 draconian scorchers (Zot:1)
  7 fire giants
  An iron dragon (Vaults:4)
  9 vault wardens
  A balrug (Depths:2)
  4 frost giants
  2 orc warlords (Depths:2)
  3 draconian shifters
  Aizul (Elf:2)
  4 deep elf elementalists
  8 ironheart preservers
  3 spriggan defenders
  A draconian annihilator (Zot:1)
  A reaper (Depths:5)
  3 war gargoyles
  21 stone giants
  33 very ugly things
  2 entropy weavers
  6 starcursed masses (Abyss:3)
  3 deep elf demonologists
  Azrael (Spider:1)
  5 black draconians
  8 deep elf annihilators
  17 dire elephants (Depths:2)
  A minotaur (Lab)
  A white draconian (Zot:1)
  2 spark wasps
  A green draconian (Zot:1)
  A red draconian (Zot:1)
  The ghost of p0werm0de the Cleaver, a journeyman DDFi of Makhleb (Lair:3)
  13 crystal guardians
  4 purple draconians
  The ghost of Totori the Cleaver, a journeyman MiMo of Qazlal (Lair:3)
  A yellow draconian (Depths:5)
  7 deep elf death magi
  10 ettins
  A fire dragon (shapeshifter) (Depths:4)
  6 merfolk javelineers
  2 blizzard demons
  12 fire dragons
  19 yaktaur captains
  13 merfolk impalers
  3 jiangshi (Depths:3)
  6 deep elf high priests
  10 great orbs of eyes
  2 rakshasas
  8 hydras
  6 ice dragons
  A death knight (Vaults:2)
  12 ogre magi
  32 vault guards
  5 centaur warriors
  4 merfolk aquamancers
  2 catoblepae
  An anaconda (shapeshifter) (Depths:4)
  2 merfolk avatars
  2 spriggan air magi
  31 two-headed ogres
  A satyr (Shoals:4)
  An alligator snapping turtle (Shoals:4)
  5 deep troll shamans
  6 tengu warriors
  3 thrashing horrors (WizLab)
  2 two-headed ogres (shapeshifter)
  38 dancing weapons
  10 deep troll earth magi
  2 spriggan berserkers
  A vampire mage (Depths:3)
  A shock serpent (shapeshifter) (Vaults:3)
  Urug (D:14)
  6 orc high priests
  A sun demon (Depths:3)
  23 deep elf knights
  A soul eater (WizLab)
  3 wretched stars (Abyss:3)
  2 hell knights (Vaults:4)
  2 shadow wraiths
  3 skeletal warriors (Vaults:2)
  30 deep trolls
  2 iron trolls (Depths:3)
  6 sea snakes
  A sixfirhy (WizLab)
  A flayed ghost (Depths:1)
  7 wizards
  3 unseen horrors
  A salamander mystic (Depths:2)
  4 glowing orange brains
  2 swamp dragons (shapeshifter)
  A glowing orange brain (shapeshifter) (Depths:4)
  2 phantasmal warriors (Vaults:5)
  A harpy (shapeshifter) (Elf:1)
  20 deep elf archers
  3 obsidian statues
  A wolf spider zombie (D:14)
  16 ironbrand convokers
  6 necromancers
  24 wolf spiders
  An orb spider (shapeshifter) (Vaults:5)
  27 harpies
  A fire giant zombie (Depths:1)
  63 deep elf magi
  7 orc sorcerers
  21 orc knights
  A moth of wrath (shapeshifter) (Depths:4)
  11 orb spiders
  A cyclops (shapeshifter) (Depths:4)
  17 manticores
  2 lindwurms (Lair:6)
  59 ugly things
  4 cyclopes
  5 moths of wrath (Zot:1)
  6 salamanders
  2 wolf spiders (shapeshifter) (Depths:4)
  13 fauns
  An oklob plant (D:7)
  4 large abominations
  2 elephants (Lair:6)
  A guardian serpent (shapeshifter) (Depths:4)
  A black mamba (shapeshifter) (D:13)
  A frost giant skeleton (Depths:1)
  3 black mambas (Lair:6)
  6 gargoyles
  7 merfolk sirens
  4 worldbinders
  A rust devil (Depths:5)
  5 water nymphs
  A stone giant skeleton (Vaults:1)
  2 smoke demons (Depths:3)
  4 molten gargoyles (Depths:4)
  13 vault sentinels
  A hellion (Abyss:3)
  12 spiny frogs
  2 komodo dragons
  8 rime drakes
  46 yaktaurs
  A tormentor (WizLab)
  7 demonic crawlers
  5 freezing wraiths
  3 red devils (Depths:5)
  5 trolls
  2 ancient zymes (WizLab)
  A hellwing (Depths:2)
  A tengu conjurer (Depths:5)
  28 jumping spiders
  A jumping spider (shapeshifter) (Depths:1)
  A queen bee (D:11)
  A troll (shapeshifter) (Vaults:1)
  A raiju (WizLab)
  A meliai (shapeshifter) (Vaults:2)
  17 blink frogs
  33 merfolk
  7 hornets
  8 wind drakes
  A hornet (shapeshifter) (Depths:4)
  A polar bear (Lair:5)
  19 slime creatures
  A dream sheep (shapeshifter) (Depths:4)
  2 dream sheep (Shoals:2)
  A blink frog (shapeshifter) (Elf:1)
  A stone giant simulacrum (Depths:1)
  13 hippogriffs
  4 snapping turtles
  9 air elementals
  2 spriggans (Depths:3)
  An ettin skeleton (Abyss:3)
  A shadow (Vaults:2)
  Sigmund (D:2)
  38 redbacks
  2 wraiths
  2 ynoxinuls
  17 tarantellas
  18 water elementals
  13 fire elementals
  5 wyverns
  31 yaks
  2 vampires
  A yak (shapeshifter) (Depths:1)
  2 basilisks (shapeshifter)
  5 hogs (Spider:1)
  Grum (D:10)
  4 basilisks
  A spatial vortex (WizLab)
  3 steam dragons
  3 chaos spawn
  A neqoxec (Abyss:3)
  4 hungry ghosts
  4 wargs
  2 acid dragons
  A hell hound (Lair:2)
  12 porcupines
  7 hydra simulacra (Depths:3)
  9 water moccasins
  A floating eye (Depths:3)
  A swamp drake (Lair:6)
  2 black bears
  51 orc warriors
  3 sky beasts
  2 slaves (D:8)
  A black bear (shapeshifter) (Vaults:1)
  An eye of draining (Abyss:3)
  9 ice beasts
  6 boggarts
  4 phantoms
  A necrophage (D:13)
  5 wolves
  36 ogres
  A boggart (shapeshifter) (Vaults:4)
  10 crocodiles
  18 centaurs
  4 small abominations
  3 big kobolds
  14 earth elementals
  21 bullfrogs
  An ogre simulacrum (Vaults:1)
  2 gnoll sergeants
  2 human skeletons
  A glowing shapeshifter simulacrum (Vaults:2)
  5 scorpions
  11 wights
  41 killer bees
  9 electric eels
  9 crimson imps
  A bullfrog zombie (D:8)
  A howler monkey (D:11)
  4 jellies
  2 quasits
  3 centaur zombies
  3 human simulacra
  7 hounds
  5 centaur skeletons
  2 gnoll shamans (Bailey)
  27 orc priests
  30 orc wizards
  2 bullfrog skeletons
  An iron imp (D:13)
  Jessica (D:3)
  5 iguanas
  4 hell rats
  9 worker ants
  An ogre zombie (D:10)
  5 big kobold zombies (Ossuary)
  2 hound skeletons
  2 mummies
  A worker ant zombie (D:8)
  11 adders
  13 gnolls
  A howler monkey skeleton (D:6)
  4 shadow imps
  6 white imps
  4 ufetubi
  2 oozes
  An adder zombie (D:6)
  3 adder skeletons
  2 worms
  A ball lightning (Depths:4)
  A dart slug (D:2)
  4 leopard geckos
  105 orcs
  3 spectral bats (Ossuary)
  3 bats
  3 giant cockroaches
  3 gnoll zombies (Ossuary)
  9 goblins
  4 hobgoblins
  6 jackals (D:7)
  3 quokkas
  4 ball pythons
  A ball python skeleton (D:4)
  3 bat simulacra (Ossuary)
  3 frilled lizards
  3 goblin simulacra (Ossuary)
  A goblin skeleton (D:10)
  7 goblin zombies
  7 hobgoblin zombies
  A jackal skeleton (D:5)
  18 kobolds
  A kobold simulacrum (Ossuary)
  7 kobold zombies (Ossuary)
  4 orc skeletons (D:10)
  13 orc zombies
  A quokka zombie (D:7)
  9 rats
  2 rat simulacra (Ossuary)
  4 spectral goblins (Ossuary)
  2 spectral kobolds (Ossuary)
  2 spectral rats (Ossuary)
  A crawling corpse (Vaults:2)
  2 plants
  A starspawn tentacle (Abyss:3)
2097 creatures vanquished.

Vanquished Creatures (collateral kills)
  A tentacled monstrosity (Vaults:5)
  A frost giant (shapeshifter) (Depths:4)
  An emperor scorpion (Spider:4)
  A ghost moth (Spider:4)
  A very ugly thing (Vaults:5)
  A spark wasp (Spider:4)
  A crystal guardian (Depths:4)
  A yaktaur captain (Vaults:1)
  A hydra (Lair:5)
  2 centaur warriors (Vaults:1)
  A death knight (Vaults:5)
  A tengu warrior (D:15)
  2 two-headed ogres (Vaults:5)
  A hell knight (Vaults:5)
  2 glowing orange brains (Depths:4)
  An unseen horror (D:15)
  A sea snake (Shoals:2)
  A swamp dragon (Lair:6)
  An orc knight (Vaults:1)
  3 harpies
  An orb spider (Spider:2)
  An ironbrand convoker (Vaults:3)
  4 ugly things
  2 wolf spiders
  4 cyclopes
  A moth of wrath (Spider:4)
  An orc sorcerer (Orc:2)
  2 manticores
  2 fauns (Shoals:2)
  2 merfolk sirens
  2 vault sentinels
  A black mamba (Lair:6)
  A water nymph (shapeshifter) (Depths:4)
  A rime drake (Lair:3)
  A yaktaur (Vaults:3)
  A yaktaur (shapeshifter) (Depths:4)
  4 hornets (Spider:4)
  2 merfolk
  A dream sheep (Shoals:1)
  A snapping turtle (Shoals:1)
  2 slime creatures (Vaults:1)
  A blink frog (Lair:3)
  A hippogriff (D:9)
  An acid dragon (Lair:6)
  An ice beast (D:15)
  8 orc warriors
  An ogre (Orc:2)
  6 centaurs
  7 gnoll sergeants (Bailey)
  5 earth elementals (Depths:4)
  A bullfrog (D:11)
  A troll zombie (D:10)
  A killer bee (D:11)
  A howler monkey (D:6)
  A crimson imp (D:15)
  A jelly (D:9)
  4 orc priests
  4 gnoll shamans (Bailey)
  3 orc wizards (Orc:2)
  A worker ant (D:11)
  5 ogre zombies (D:10)
  5 gnolls (Bailey)
  9 orcs
  A goblin skeleton (D:10)
  3 orc zombies (D:10)
  A quokka skeleton (D:6)
135 creatures vanquished.

Vanquished Creatures (others)
  A lich (Abyss:3)
  Kirke (Spider:1)
  A ghost moth (shapeshifter) (Vaults:5)
  A stone giant (Vaults:3)
  A war gargoyle (Depths:4)
  A spark wasp (Spider:2)
  A merfolk javelineer (Shoals:4)
  A fire dragon (D:13)
  A vault guard (D:13)
  An alligator snapping turtle (Shoals:3)
  A catoblepas (D:14)
  3 two-headed ogres
  3 dancing weapons (Depths:4)
  3 deep elf knights
  A fire crab (Lair:4)
  5 sea snakes
  A glowing orange brain (Depths:4)
  5 deep elf magi
  3 orc knights (Orc:2)
  5 harpies
  3 orb spiders
  A wolf spider (Spider:1)
  3 ugly things
  2 manticores
  3 fauns
  A centaur zombie (D:12)
  2 merfolk sirens
  2 elephants
  A water nymph (Shoals:4)
  A black mamba (Lair:6)
  2 centaur skeletons
  A spiny frog (Lair:2)
  A gargoyle (D:13)
  A rime drake (Lair:3)
  A yaktaur (D:15)
  A freezing wraith (Lair:4)
  4 jumping spiders
  2 trolls
  2 merfolk (Shoals:3)
  A wind drake (Shoals:1)
  A dream sheep (Shoals:1)
  2 blink frogs
  3 snapping turtles
  3 hippogriffs
  A hippogriff (shapeshifter) (D:13)
  2 tarantellas (Spider:1)
  4 air elementals
  4 water elementals
  A redback (Spider:1)
  A hog (Spider:1)
  2 fire elementals
  A basilisk (Lair:6)
  7 yaks
  A hungry ghost (D:10)
  The ghost of George the Slasher, an amateur DsGl (D:3)
  An insubstantial wisp (Depths:4)
  An acid dragon (Lair:6)
  A water moccasin (D:9)
  3 orc warriors (Orc:2)
  A swamp drake (Lair:6)
  A sky beast (D:13)
  A phantom (D:7)
  2 centaurs
  2 ogres
  A boggart (Vaults:1)
  3 crocodiles
  2 bullfrogs
  An earth elemental (Depths:4)
  A water moccasin zombie (D:8)
  5 killer bees
  2 wights
  A crimson imp (D:7)
  A hound (D:9)
  4 orc wizards
  An orc priest (Orc:1)
  A hell rat (Lair:4)
  A big kobold zombie (Ossuary)
  An ogre zombie (D:10)
  A hound zombie (D:7)
  A gnoll (D:9)
  2 adders
  A shadow imp (D:5)
  8 ball lightnings (Depths:4)
  2 orcs
  A spectral bat (Ossuary)
  2 goblins (D:3)
  A kobold (D:3)
  A gnoll zombie (Ossuary)
  A goblin zombie (Ossuary)
  A rat (D:3)
  A spectral kobold (Ossuary)
  A bush (Lair:2)
  A fire vortex (Abyss:3)
  118 fungi
  119 plants
  12 starspawn tentacles (Abyss:3)
421 creatures vanquished.

Grand Total: 2653 creatures vanquished

Notes
Turn   | Place    | Note
-------+----------+-------------------------------------------
     0 | D:1      | mhoghedin the Kobold Berserker began the quest for the Orb.
     0 | D:1      | Reached XP level 1. HP: 14/14 MP: 1/1
    74 | D:1      | Reached XP level 2. HP: 12/19 MP: 2/2
   309 | D:1      | Reached skill level 3 in Maces & Flails
   352 | D:1      | Reached skill level 3 in Dodging
   432 | D:1      | Reached XP level 3. HP: 22/24 MP: 3/3
  1060 | D:2      | Found a deep blue altar of Sif Muna.
  1061 | D:2      | Reached ** piety under Trog
  1066 | D:2      | Noticed Sigmund
  1070 | D:2      | HP: 5/24 [Sigmund/scythe (10)]
  1076 | D:2      | Killed Sigmund
  1076 | D:2      | Reached skill level 4 in Fighting
  1076 | D:2      | Reached skill level 3 in Short Blades
  1076 | D:2      | Reached skill level 4 in Dodging
  1076 | D:2      | Reached XP level 4. HP: 17/30 MP: 4/4
  1076 | D:2      | Reached XP level 5. HP: 20/34 MP: 5/5
  1207 | D:2      | Reached XP level 6. HP: 39/39 MP: 6/6
  1255 | D:2      | Found a faded altar of an unknown god.
  1396 | D:2      | You fall through a shaft!
  1423 | D:3      | Noticed George's ghost (amateur DsGl)
  1426 | D:3      | Banished George's ghost
  1426 | D:3      | Reached skill level 5 in Fighting
  1463 | D:3      | Found a hazy altar of Hepliaklqana.
  1543 | D:3      | Reached skill level 5 in Dodging
  1586 | D:3      | Reached skill level 4 in Short Blades
  1686 | D:3      | Found a transporter.
  1709 | D:3      | Reached skill level 1 in Stealth
  1709 | D:3      | Reached XP level 7. HP: 43/44 MP: 7/7
  1793 | D:3      | Noticed Jessica
  1796 | D:3      | Killed Jessica
  1917 | D:3      | Found a transporter.
  2192 | D:4      | Reached skill level 2 in Stealth
  2232 | D:4      | Found a sparkling altar of Nemelex Xobeh.
  2392 | D:4      | Found a shimmering altar of Xom.
  2491 | D:4      | Noticed soark's ghost (amateur DECj)
  2690 | D:4      | Reached skill level 5 in Short Blades
  2690 | D:4      | Reached skill level 3 in Stealth
  2700 | D:4      | Found a staircase to the Ecumenical Temple.
  2705 | D:4      | Reached skill level 6 in Fighting
  2705 | D:4      | Reached skill level 6 in Dodging
  2705 | D:4      | Reached XP level 8. HP: 42/51 MP: 8/8
  2767 | D:4      | Reached *** piety under Trog
  2905 | D:5      | Entered Level 5 of the Dungeon
  2915 | D:5      | Reached skill level 4 in Stealth
  3082 | D:5      | Found a blossoming altar of Fedhas.
  3161 | D:5      | Found a sand-covered staircase.
  3168 | Ossuary  | Entered an ossuary
  3416 | Ossuary  | Reached **** piety under Trog
  3451 | Ossuary  | Reached skill level 6 in Short Blades
  3936 | D:5      | Reached skill level 5 in Stealth
  4089 | D:6      | Found an ornate altar of the Wu Jian Council.
  4093 | D:6      | Found an iron altar of Okawaru.
  4104 | D:6      | Reached skill level 7 in Fighting
  4104 | D:6      | Reached skill level 7 in Dodging
  4104 | D:6      | Reached XP level 9. HP: 46/57 MP: 9/9
  4268 | D:6      | Noticed a troll
  4315 | D:6      | Reached skill level 6 in Stealth
  4317 | D:6      | Reached skill level 7 in Short Blades
  4404 | D:6      | Killed a troll
  4942 | D:7      | Found a hide-covered altar of Uskayaw.
  4942 | D:7      | Noticed a hand axe
  4942 | D:7      | Noticed a hand axe
  4951 | D:7      | Reached skill level 7 in Stealth
  4967 | D:7      | Found an opulent altar of Gozag.
  4967 | D:7      | Noticed an oklob plant
  4987 | D:7      | Killed an oklob plant
  4987 | D:7      | Reached skill level 8 in Fighting
  4987 | D:7      | Reached skill level 8 in Short Blades
  4987 | D:7      | Reached skill level 8 in Dodging
  5172 | D:7      | Found Uvvoagog's Antique Weapon Emporium.
  5369 | D:7      | Reached ***** piety under Trog
  5385 | D:7      | Noticed Monsterracer's ghost (novice DsVM)
  5469 | D:7      | Reached XP level 10. HP: 58/64 MP: 10/10
  5778 | D:8      | Reached skill level 8 in Stealth
  5806 | D:8      | Noticed Pikel
  5941 | D:8      | Noticed Gastronok
  5945 | D:8      | Noticed a two-headed ogre
  5960 | D:8      | Killed a two-headed ogre
  5960 | D:8      | Reached skill level 9 in Short Blades
  5960 | D:8      | Reached skill level 9 in Dodging
  5960 | D:8      | Reached skill level 9 in Stealth
  6023 | D:8      | Banished Pikel
  6023 | D:8      | Reached skill level 9 in Fighting
  6137 | D:8      | Noticed a two-headed ogre
  6449 | D:8      | Found a radiant altar of Vehumet.
  6691 | D:9      | Found a flagged portal.
  6711 | Bailey   | Entered a bailey
  6990 | Bailey   | Reached skill level 10 in Short Blades
  7021 | Bailey   | Reached skill level 10 in Stealth
  7213 | D:9      | Reached XP level 11. HP: 67/71 MP: 11/11
  7229 | D:9      | Reached skill level 10 in Dodging
  7284 | D:9      | HP: 15/71 [centaur/arrow (10)]
  7483 | D:9      | Noticed a two-headed ogre
  7485 | D:9      | Killed a two-headed ogre
  7485 | D:9      | Reached skill level 10 in Fighting
  7692 | D:9      | Found a basalt altar of Yredelemnul.
  7726 | D:9      | Noticed a two-headed ogre
  7733 | D:9      | Killed a two-headed ogre
  7733 | D:9      | Reached skill level 11 in Stealth
  7969 | D:10     | Entered Level 10 of the Dungeon
  8090 | D:10     | Noticed Grum
  8099 | D:10     | Killed Grum
  8228 | D:10     | Reached skill level 11 in Dodging
  8271 | D:10     | Noticed Sonja
  8276 | D:10     | Banished Sonja
  8442 | D:10     | Found a portal to a secret trove of treasure.
  8539 | D:10     | Found a staircase to the Orcish Mines.
  8595 | D:10     | Reached skill level 12 in Stealth
  8685 | D:10     | HP: 18/73 [something (6)]
  8786 | D:10     | Killed an unseen horror
  8821 | D:10     | Reached skill level 11 in Fighting
  9188 | D:11     | Noticed a green ugly thing
  9193 | D:11     | Killed a green ugly thing
  9193 | D:11     | Reached skill level 1 in Evocations
  9193 | D:11     | Reached XP level 12. HP: 80/80 MP: 11/13
  9283 | D:11     | Reached skill level 2 in Evocations
  9357 | D:11     | Received a gift from Trog
  9512 | D:11     | Got a bloodstained ring mail
  9523 | D:11     | Identified the +1 ring mail "Ohyntuw" {rC- rCorr Str+4 Dex+3} (You found it on level 11 of the Dungeon)
  9726 | D:11     | Reached skill level 3 in Evocations
  9733 | D:11     | Reached skill level 12 in Dodging
  9935 | D:11     | Reached skill level 4 in Evocations
  9998 | D:11     | Found a staircase to the Lair.
 10568 | Lair:1   | Entered Level 1 of the Lair of Beasts
 10737 | Lair:1   | Reached skill level 5 in Evocations
 10891 | Lair:1   | Reached skill level 12 in Fighting
 10983 | Lair:1   | Noticed an eight-headed hydra
 11217 | Lair:1   | HP: 10/81 [eight-headed hydra (13)]
 11240 | Lair:1   | HP: 11/81 [nine-headed hydra (10)]
 11241 | Lair:1   | Killed a nine-headed hydra
 11241 | Lair:1   | Reached skill level 6 in Evocations
 11640 | Lair:2   | Received a gift from Trog
 11652 | Lair:2   | Reached skill level 13 in Dodging
 11672 | Lair:2   | Noticed a seven-headed hydra
 11679 | Lair:2   | Killed a seven-headed hydra
 11698 | Lair:2   | Reached XP level 13. HP: 83/87 MP: 18/18
 11722 | Lair:2   | Reached skill level 7 in Evocations
 11833 | Lair:2   | Noticed a six-headed hydra
 11840 | Lair:2   | Killed a six-headed hydra
 12122 | Lair:2   | Reached skill level 8 in Evocations
 12187 | Lair:2   | Reached skill level 13 in Fighting
 12228 | Lair:2   | Received a gift from Trog
 12573 | Lair:2   | Found a hole to the Spider Nest.
 12599 | Lair:2   | Reached skill level 14 in Dodging
 12986 | Lair:2   | Identified a scroll of acquirement
 12989 | Lair:2   | Got a pair of shimmering gloves
 13011 | Lair:2   | Identified the +1 pair of gloves of Loss {rF++ rN+} (You acquired it on level 2 of the Lair of Beasts)
 13064 | Lair:3   | Reached skill level 9 in Evocations
 13120 | Lair:3   | Noticed p0werm0de's ghost (journeyman DDFi)
 13143 | Lair:3   | Got a crystal war axe
 13240 | Lair:3   | Killed p0werm0de's ghost
 13357 | Lair:3   | Noticed Totori's ghost (journeyman MiMo)
 14005 | Lair:3   | Killed Totori's ghost
 14005 | Lair:3   | Reached skill level 10 in Evocations
 14005 | Lair:3   | Reached XP level 14. HP: 95/95 MP: 21/21
 14428 | Lair:4   | Found the +7 Singing Sword
 14573 | Lair:4   | Reached skill level 14 in Fighting
 14612 | Lair:4   | Noticed Rupert
 14628 | Lair:4   | Killed Rupert
 14628 | Lair:4   | Reached skill level 15 in Dodging
 14975 | Lair:4   | Found a staircase to the Shoals.
 15158 | Lair:5   | Found a labyrinth entrance.
 15219 | Lab      | Entered a labyrinth
 15615 | Lab      | Noticed a minotaur
 15633 | Lab      | Killed a minotaur
 15633 | Lab      | Reached skill level 11 in Evocations
 15637 | Lab      | Got a jewelled chain mail
 15673 | Lair:5   | Identified the +8 chain mail of the Armadillo {rElec MR+} (You took it off a minotaur in a labyrinth)
 15763 | Lair:5   | Reached skill level 2 in Armour
 15882 | Lair:5   | Reached skill level 3 in Armour
 16411 | Lair:6   | Entered Level 6 of the Lair of Beasts
 16539 | Lair:6   | Reached skill level 4 in Armour
 16770 | Lair:6   | Reached skill level 5 in Armour
 17091 | Lair:6   | Found a viscous altar of Jiyva.
 17092 | Lair:6   | Found a staircase to the Slime Pits.
 17680 | Lair:6   | Reached skill level 6 in Armour
 17683 | Lair:6   | Reached XP level 15. HP: 59/101 MP: 23/23
 18503 | D:12     | Received a gift from Trog
 19243 | D:13     | Found a gate to the Vaults.
 19249 | D:13     | Reached skill level 1 in Shields
 19643 | D:13     | Reached skill level 2 in Shields
 19930 | D:13     | Got a fine tin ring
 19964 | D:12     | Identified the cursed ring of Keuzuoto {rN+ AC-2} (You found it on level 13 of the Dungeon)
 20039 | D:14     | Reached skill level 7 in Armour
 20111 | D:14     | You fall through a shaft!
 20111 | D:15     | Entered Level 15 of the Dungeon
 20144 | D:15     | Reached skill level 3 in Shields
 20272 | D:15     | Found Oluafesh's Antique Weapon Emporium.
 20428 | D:15     | Reached skill level 4 in Shields
 20817 | D:15     | Found Ripil's Jewellery Shoppe.
 20873 | D:15     | Received a gift from Trog
 20879 | D:15     | Reached skill level 8 in Armour
 20935 | D:15     | Found a staircase to the Depths.
 21244 | D:14     | Noticed VDreamerV's ghost (journeyman BaTm)
 21679 | D:14     | Reached skill level 15 in Fighting
 21703 | D:14     | Got a heavy robe
 21723 | D:14     | Identified the +1 robe of Gaxycago {rPois MR+ Stlth+} (You found it on level 14 of the Dungeon)
 21804 | D:14     | Received a gift from Trog
 21810 | D:14     | Reached skill level 5 in Shields
 21923 | D:14     | Noticed Urug
 21979 | D:14     | Killed Urug
 22049 | D:15     | Bought a cursed ring of see invisible for 204 gold pieces
 22049 | D:15     | Bought the ring "Useadez" {Wiz Str+2 Dex+4} for 843 gold pieces
 22200 | D:14     | Reached XP level 16. HP: 43/108 MP: 24/24
 22935 | Orc:1    | Entered Level 1 of the Orcish Mines
 23296 | Orc:1    | Found a roughly hewn altar of Beogh.
 23396 | Orc:2    | Entered Level 2 of the Orcish Mines
 23667 | Orc:2    | Found a staircase to the Elven Halls.
 24054 | Orc:2    | Received a gift from Trog
 24423 | Orc:2    | Reached skill level 6 in Shields
 24447 | Orc:2    | Reached skill level 9 in Armour
 24689 | Orc:2    | Found Juwnerre's General Store.
 24690 | Orc:2    | Found Eshops's Book Shop.
 24691 | Orc:2    | Found Kapp's Antique Armour Boutique.
 24691 | Orc:2    | Found Vuduck's Antique Weapon Boutique.
 24974 | Shoals:1 | Entered Level 1 of the Shoals
 25188 | Shoals:1 | Reached skill level 12 in Evocations
 25335 | Shoals:1 | Reached skill level 16 in Dodging
 26321 | Shoals:2 | Received a gift from Trog
 26989 | Shoals:2 | Found Elamaet's Weapon Shop.
 26991 | Shoals:2 | Reached XP level 17. HP: 115/115 MP: 26/26
 27153 | Shoals:2 | Reached skill level 16 in Fighting
 27195 | Shoals:2 | Reached skill level 7 in Shields
 28539 | Shoals:3 | Reached skill level 13 in Evocations
 29368 | Shoals:3 | Reached skill level 10 in Armour
 29700 | Shoals:4 | Entered Level 4 of the Shoals
 30274 | Shoals:4 | Found Alyi's Antique Weapon Shop.
 30676 | Shoals:4 | Found Biagh's Food Boutique.
 31492 | Shoals:4 | Found Ruvuwk's Magic Scroll Boutique.
 31501 | Shoals:4 | Bought a scroll of enchant weapon for 150 gold pieces
 31501 | Shoals:4 | Bought a scroll of teleportation for 60 gold pieces
 31559 | Shoals:4 | HP: 29/116 [water nymph/the raging water (19)]
 31933 | Spider:1 | Entered Level 1 of the Spider Nest
 31941 | Spider:1 | Reached skill level 17 in Dodging
 32012 | Spider:1 | Paralysed by the power of Zot for 3 turns
 32350 | Lair:2   | Reached skill level 8 in Shields
 32724 | Spider:1 | Noticed Azrael
 32880 | Lair:2   | Reached XP level 18. HP: 122/122 MP: 28/28
 33000 | Spider:1 | Killed Azrael
 33216 | Spider:1 | Noticed Kirke
 33273 | Spider:1 | Killed Kirke
 33590 | Spider:2 | Received a gift from Trog
 34350 | Spider:2 | HP: 29/122 [spark wasp (4)]
 34385 | Spider:2 | HP: 15/122 [disintegration (49)]
 35219 | Lair:2   | Reached skill level 14 in Evocations
 35398 | D:7      | Bought a bloodstained rapier for 189 gold pieces
 35398 | D:7      | Bought a crude mace for 168 gold pieces
 35398 | D:7      | Bought a glowing morningstar for 147 gold pieces
 35398 | D:7      | Identified the cursed +1 rapier of Terror {flame, Str+4 Stlth+} (You bought it in a shop on level 7 of the Dungeon)
 35419 | D:7      | Gained mutation: Scrolls take you a little longer to read. [mutagenic glow]
 35922 | Shoals:2 | Lost mutation: Scrolls take you a little longer to read. [potion of mutation]
 35922 | Shoals:2 | Gained mutation: Your flesh is heat resistant. (rF+) [potion of mutation]
 35922 | Shoals:2 | Gained mutation: You can translocate small distances at will. [potion of mutation]
 35926 | Shoals:2 | Identified the +0 mace "Tormentor" {elec, rC+ MR+} (You bought it in a shop on level 7 of the Dungeon)
 36694 | Spider:2 | Got a twisted ring mail
 36705 | Spider:2 | Identified the +3 ring mail of Ehigoitt {Str+4} (You found it on level 2 of the Spider Nest)
 37267 | Spider:3 | Reached skill level 4 in Maces & Flails
 37394 | Spider:3 | Noticed Agnes
 37409 | Spider:3 | HP: 45/183 [Agnes/lajatang (15)]
 37412 | Spider:3 | Killed Agnes
 37418 | Spider:3 | HP: 27/183 [jumping spider (8)]
 37776 | Spider:3 | Reached skill level 5 in Maces & Flails
 38109 | Spider:4 | Entered Level 4 of the Spider Nest
 39036 | Spider:4 | Reached skill level 6 in Maces & Flails
 39653 | Spider:4 | Reached skill level 7 in Maces & Flails
 40096 | Spider:4 | Reached skill level 8 in Maces & Flails
 40155 | Spider:4 | Got a gossamer rune of Zot
 40999 | Shoals:4 | Reached skill level 9 in Maces & Flails
 41006 | Shoals:4 | Reached XP level 19. HP: 80/127 MP: 29/29
 41317 | Shoals:4 | Noticed Ilsuiw
 41322 | Shoals:4 | Killed Ilsuiw
 41497 | Shoals:4 | Upgraded the game from 0.22-a0-374-g5dfd9e3 to 0.22-a0-377-g846bec1
 41849 | Shoals:4 | Found Ihonick's General Store.
 42026 | Shoals:4 | Reached skill level 10 in Maces & Flails
 42319 | Shoals:4 | Got a barnacled rune of Zot
 42584 | Shoals:4 | Got a shimmering morningstar
 42585 | Shoals:4 | Identified the cursed +0 morningstar of Analysis {flame, *Rage rElec rN++ Str+2} (You found it on level 4 of the Shoals)
 42635 | Shoals:4 | HP: 31/127 [poisoned by a merfolk javelineer]
 42640 | Shoals:3 | HP: 25/127 [poisoned by a merfolk javelineer]
 42646 | Shoals:3 | HP: 23/127 [poisoned by a merfolk javelineer]
 42651 | Shoals:3 | HP: 21/127 [poisoned by a merfolk javelineer]
 42657 | Shoals:3 | HP: 21/127 [poisoned by a merfolk javelineer]
 42665 | Shoals:3 | HP: 22/127 [poisoned by a merfolk javelineer]
 43296 | Elf:1    | Entered Level 1 of the Elven Halls
 43322 | Elf:1    | Received a gift from Trog
 43552 | Elf:1    | Reached skill level 11 in Maces & Flails
 43581 | Elf:1    | Found a magical portal.
 43639 | WizLab   | Entered The Roulette of Golubria
 43639 | WizLab   | Found a transporter.
 43642 | WizLab   | Found a corrupted altar of Lugonu.
 43686 | WizLab   | Found a transporter.
 43712 | WizLab   | Found a transporter.
 43713 | WizLab   | Found the +1 cloak of Starlight {rElec rC+ EV+4 Stlth--}
 43727 | WizLab   | Found the +2 cloak of the Thief {+Fog Slay-2 SInv Stlth+}
 43742 | WizLab   | Found a corrupted altar of Lugonu.
 43810 | WizLab   | Found a transporter.
 43858 | WizLab   | Found a transporter.
 43874 | WizLab   | Found a transporter.
 43925 | WizLab   | Found a transporter.
 43980 | WizLab   | Found a transporter.
 43987 | WizLab   | Found a transporter.
 44010 | WizLab   | Found a transporter.
 44052 | WizLab   | Found a transporter.
 44052 | WizLab   | Found a transporter.
 44320 | WizLab   | Got an ichor-stained cloak
 44325 | WizLab   | Got an opal-encrusted leather armour
 44341 | WizLab   | Got a fine cloak
 44373 | WizLab   | Identified the +2 cloak of Pleasant Breezes {rPois Str+2 Int+6 Dex-2} (You found it in a wizard's laboratory)
 44383 | WizLab   | Identified the +5 cloak of the Barracuda {MR+} (You found it in a wizard's laboratory)
 44403 | WizLab   | Identified the +1 leather armour of Analysis {rElec MP+9 Int+4 Slay-6} (You found it in a wizard's laboratory)
 44426 | WizLab   | Found a transporter.
 44496 | WizLab   | Gained mutation: You are dopey. (Int -2) [a neqoxec]
 44569 | WizLab   | Found a transporter.
 44717 | Elf:1    | Reached skill level 12 in Maces & Flails
 44814 | Elf:1    | Reached ****** piety under Trog
 45721 | Elf:1    | Received a gift from Trog
 45989 | Elf:1    | Reached skill level 13 in Maces & Flails
 46360 | Elf:2    | Reached XP level 20. HP: 131/133 MP: 30/30
 46435 | Elf:2    | Found a runed gate.
 46439 | Elf:2    | Found a runed gate.
 46441 | Elf:2    | Found a runed gate.
 46756 | Elf:2    | Received a gift from Trog
 46756 | Elf:2    | Reached skill level 17 in Fighting
 47639 | Elf:2    | Noticed Aizul
 47665 | Elf:2    | Killed Aizul
 48391 | Elf:3    | Entered Level 3 of the Elven Halls
 48421 | Elf:3    | Received a gift from Trog
 48444 | Elf:3    | Reached skill level 14 in Maces & Flails
 48676 | Elf:3    | Received a gift from Trog
 49042 | Elf:3    | Found a radiant altar of Vehumet.
 49658 | Elf:2    | Reached skill level 11 in Armour
 50055 | Elf:2    | Cast into level 3 of the Abyss (a deep elf sorcerer)
 50092 | Abyss:3  | Found a corrupted altar of Lugonu.
 50105 | Abyss:3  | Found a transporter.
 50110 | Abyss:3  | Found a corrupted altar of Lugonu.
 50119 | Abyss:3  | Found a transporter.
 50160 | Abyss:3  | HP: 27/136 [hellion/damnation (23)]
 50174 | Abyss:3  | Found a corrupted altar of Lugonu.
 50216 | Abyss:3  | Received a gift from Trog
 50251 | Abyss:3  | Found a corrupted altar of Lugonu.
 50308 | Abyss:3  | Found a transporter.
 50315 | Abyss:3  | Noticed a bone dragon
 50336 | Abyss:3  | Killed a lich
 50402 | Abyss:3  | Found a transporter.
 50595 | Abyss:3  | Reached skill level 18 in Fighting
 50599 | Elf:2    | Escaped the Abyss
 50617 | Elf:2    | Reached XP level 21. HP: 141/141 MP: 28/28
 51453 | Elf:2    | Reached skill level 15 in Maces & Flails
 51952 | Elf:3    | Received a gift from Trog
 52191 | Elf:3    | Identified the cursed +0 pair of gloves of Yzojito {Dex+2 Slay+2} (You found it on level 3 of the Elven Halls)
 52202 | Elf:3    | Identified the +6 lajatang of Blood-Lust {vamp, Dex+4} (You found it on level 3 of the Elven Halls)
 52210 | Elf:3    | Identified the Reference Book on the Escort
 52243 | Elf:3    | Identified the Collected Works on Envenoming and Ignition
 52560 | Vaults:1 | Entered Level 1 of the Vaults
 52610 | Vaults:1 | HP: 34/142 [vault warden/long sword (27)]
 52631 | D:13     | HP: 27/142 [deep elf knight/long sword (14)]
 52638 | D:13     | HP: 22/213 [deep elf knight/shard of ice (21)]
 53922 | Vaults:1 | HP: 33/143 [yaktaur/bolt[a vault warden] (11)]
 54264 | Vaults:1 | Received a gift from Trog
 54465 | Vaults:1 | HP: 15/143 [wolf spider (24)]
 54468 | Vaults:1 | HP: 7/143 [wolf spider (8)]
 54476 | Vaults:1 | Reached skill level 19 in Fighting
 54505 | Vaults:1 | HP: 35/144 [slime creature (15)]
 54510 | Vaults:1 | HP: 12/144 [slime creature (12)]
 54511 | Vaults:1 | HP: 5/144 [slime creature (8)]
 55120 | Vaults:1 | Reached skill level 9 in Shields
 55993 | Vaults:1 | Found Booxkygh's Distillery.
 55996 | Vaults:1 | Bought a potion of heal wounds for 85 gold pieces
 55996 | Vaults:1 | Bought a potion of agility for 68 gold pieces
 55996 | Vaults:1 | Bought a potion of might for 68 gold pieces
 55996 | Vaults:1 | Bought a potion of curing for 51 gold pieces
 55996 | Vaults:1 | Bought a potion of curing for 51 gold pieces
 55996 | Vaults:1 | Bought a potion of resistance for 170 gold pieces
 55996 | Vaults:1 | Bought a potion of curing for 51 gold pieces
 55996 | Vaults:1 | Bought a potion of curing for 51 gold pieces
 55996 | Vaults:1 | Bought a potion of invisibility for 136 gold pieces
 57130 | Vaults:2 | Reached XP level 22. HP: 75/150 MP: 10/32
 58302 | Vaults:2 | Reached skill level 1 in Staves
 58341 | Vaults:2 | Reached skill level 2 in Staves
 58573 | Vaults:2 | Received a gift from Trog
 58594 | Vaults:2 | Reached skill level 3 in Staves
 58897 | Vaults:2 | Reached skill level 4 in Staves
 59087 | Vaults:2 | HP: 29/150 [vault warden/war axe (12)]
 59089 | Vaults:2 | Reached skill level 5 in Staves
 59093 | Vaults:2 | HP: 24/150 [vault guard/bardiche of flaming[a vault warden] (8)]
 59664 | Vaults:2 | Reached skill level 6 in Staves
 59809 | Vaults:2 | Reached skill level 7 in Staves
 59920 | Vaults:2 | Received a gift from Trog
 60018 | Vaults:2 | Found a staircase to the Crypt.
 60449 | Vaults:3 | HP: 29/150 [stone giant/large rock (13)]
 60450 | Vaults:3 | HP: 13/150 [orc knight/battleaxe of chopping (17)]
 60464 | Vaults:3 | Reached skill level 8 in Staves
 61015 | Orc:2    | Bought a runed plate armour for 702 gold pieces
 61606 | Vaults:3 | Reached skill level 9 in Staves
 61994 | Vaults:3 | Reached skill level 10 in Staves
 62094 | Vaults:3 | Reached skill level 18 in Dodging
 62207 | Vaults:3 | Received a gift from Trog
 62539 | Vaults:4 | Reached XP level 23. HP: 155/155 MP: 33/33
 62578 | Vaults:4 | Got a pitted scale mail
 62579 | Vaults:4 | Identified the +4 scale mail of Integrity {Slay+5} (You found it on level 4 of the Vaults)
 62603 | Vaults:4 | Got a jewelled scale mail
 62653 | Vaults:4 | Identified the cursed +1 scale mail of Zonoy {Int+5 SInv} (You found it on level 4 of the Vaults)
 62714 | Vaults:4 | Received a gift from Trog
 63283 | Vaults:4 | Reached skill level 12 in Armour
 63767 | Vaults:5 | Entered Level 5 of the Vaults
 63778 | Vaults:5 | Reached skill level 20 in Fighting
 63778 | Vaults:5 | Reached skill level 19 in Dodging
 63780 | Vaults:5 | Received a gift from Trog
 63783 | Vaults:5 | Noticed Margery
 64232 | Vaults:4 | Received a gift from Trog
 64500 | Vaults:5 | HP: 36/158 [two-headed ogre/giant club (10)]
 64512 | Vaults:4 | Killed Margery
 64512 | Vaults:4 | Reached XP level 24. HP: 104/164 MP: 33/33
 64775 | Vaults:5 | Noticed a golden dragon
 64818 | Vaults:5 | Killed a golden dragon
 64833 | Vaults:4 | HP: 56/246 [stone giant (7)]
 64840 | Vaults:4 | HP: 59/246 [tengu reaver/war axe (2)]
 65440 | Vaults:5 | HP: 60/246 [ettin/dire flail of protection (29)]
 65441 | Vaults:5 | Reached skill level 13 in Armour
 65735 | Vaults:5 | Received a gift from Trog
 65745 | Vaults:5 | Noticed Sojobo
 65746 | Vaults:5 | Got a silver rune of Zot
 65982 | Vaults:5 | Found Hetsigiu's Distillery.
 65988 | Vaults:5 | Reached skill level 20 in Dodging
 66526 | Vaults:5 | Reached skill level 21 in Fighting
 66866 | Vaults:5 | HP: 34/166 [tengu reaver/battleaxe of draining[Sojobo] (19)]
 67207 | Vaults:5 | Noticed Xtahua
 67222 | Vaults:5 | Killed Xtahua
 67375 | Vaults:5 | Received a gift from Trog
 67428 | Vaults:5 | Got a brightly glowing ring mail
 67508 | Vaults:5 | Identified the +2 ring mail of Mumblety Peg {rC++ MR-} (You found it on level 5 of the Vaults)
 67616 | Vaults:5 | Reached XP level 25. HP: 143/171 MP: 21/33
 68036 | Depths:1 | Entered Level 1 of the Depths
 68469 | Depths:1 | Reached skill level 14 in Armour
 68615 | Depths:1 | Received a gift from Trog
 69234 | Depths:2 | Reached skill level 21 in Dodging
 69313 | Depths:2 | Found a gateway to Hell.
 70028 | Depths:2 | Received a gift from Trog
 70526 | Depths:2 | Reached skill level 22 in Fighting
 70936 | Depths:3 | Found a one-way gate leading to the halls of Pandemonium.
 71020 | Depths:3 | HP: 31/173 [white very ugly thing (17)]
 71031 | Depths:3 | HP: 30/173 [white very ugly thing (10)]
 71031 | Depths:3 | HP: 9/173 [white very ugly thing (21)]
 71033 | Depths:3 | HP: 2/173 [white very ugly thing (24)]
 71625 | Depths:3 | Found a gateway to a ziggurat.
 71661 | Depths:3 | Reached XP level 26. HP: 121/180 MP: 33/33
 71993 | Depths:3 | Received a gift from Trog
 72107 | Depths:3 | Found a one-way gate to the infinite horrors of the Abyss.
 72367 | Depths:3 | Reached skill level 15 in Armour
 72624 | Depths:3 | Got a coiled golden ring
 72782 | Depths:3 | Reached skill level 22 in Dodging
 72979 | Depths:3 | Identified the ring of Demons {rElec Str+2 Int-2 Stlth-} (You found it on level 3 of the Depths)
 72986 | Depths:3 | Noticed a juggernaut
 73005 | Depths:3 | Killed a juggernaut
 73746 | Depths:4 | Received a gift from Trog
 73831 | Depths:4 | HP: 33/180 [crystal guardian (18)]
 73833 | Depths:4 | HP: 13/180 [crystal guardian/crystal bolt (22)]
 73843 | Depths:4 | HP: 26/180 [quicksilver dragon (glowing shapeshifter)/bolt of dispelling energy (17)]
 73848 | Depths:4 | HP: 28/180 [quicksilver dragon (glowing shapeshifter) (4)]
 73866 | Depths:4 | HP: 41/180 [crystal guardian (6)]
 74193 | Depths:4 | HP: 22/180 [storm dragon/bolt of lightning (29)]
 74194 | Depths:4 | HP: 10/180 [mace of venom (11)]
 74199 | Depths:4 | HP: 9/180 [mace of venom (1)]
 74204 | Depths:4 | HP: 7/180 [poisoned by a mace of venom]
 74210 | Depths:4 | HP: 6/180 [poisoned by a mace of venom]
 74215 | Depths:4 | HP: 6/180 [poisoned by a mace of venom]
 74223 | Depths:4 | HP: 7/180 [poisoned by a mace of venom]
 75655 | Depths:5 | Entered Level 5 of the Depths
 75687 | Depths:5 | Received a gift from Trog
 75770 | Depths:5 | Reached skill level 23 in Fighting
 76026 | Depths:5 | Reached XP level 27. HP: 188/188 MP: 33/33
 76195 | Depths:5 | Found a gate to the Realm of Zot.
 76218 | Depths:5 | Reached skill level 23 in Dodging
 76233 | Depths:5 | Reached skill level 16 in Armour
 76246 | Depths:5 | HP: 46/188 [poison (poison gas)]
 76251 | Depths:5 | HP: 43/188 [poison (poison gas)]
 76256 | Depths:5 | HP: 41/188 [poison (poison gas)]
 76261 | Depths:5 | HP: 41/188 [poison (poison gas)]
 76266 | Depths:5 | HP: 41/188 [poison (poison gas)]
 76273 | Depths:5 | HP: 41/188 [poison (poison gas)]
 76281 | Depths:5 | HP: 43/188 [poison (poison gas)]
 77012 | Depths:5 | Noticed a juggernaut
 77033 | Depths:5 | Killed a juggernaut
 77849 | Zot:1    | Entered Level 1 of the Realm of Zot
 77909 | Zot:1    | Received a gift from Trog
 78504 | Zot:1    | HP: 24/189 [golden dragon (29)]
 78509 | Zot:1    | HP: 33/189 [poisoned by a golden dragon (poison gas)]
 78513 | Zot:1    | Killed from afar by a golden dragon

Vault maps used:
D:1:      minmay_arrival_arboretum_small
D:2:      old_standard_altar, chequers_ecumenical_altar_simple, uniq_sigmund
D:3:      gammafunk_wand_slinger, lemuel_doored_altar, uniq_jessica
D:4:      led_xom_imps, nemelex_xobeh_ov_fountains_minmay, temple_hall,
          first_ration
D:5:      kennysheep_mini_moat, gup_ossuary_entry_pyramid
D:6:      lemuel_round_altar, okawaru_gym_becter
D:7:      dancing_weapons_uskayaw, serial_shops, nicolae_shop_waterfront,
          lemuel_oklob_altar
D:8:      kennysheep_mini, uniq_pikel, uniq_gastronok
D:9:      yredelemnul_altar_generic, enter_bailey_3
D:10:     lemuel_upstairs_altar, zombieorc2_lemuel, nicolae_trove_entry_crystal,
          uniq_grum, uniq_sonja
D:11:     lair_entry_dummy, nicolae_looking_at_the_future
D:12:     grunt_tengu_nest, st_stairs_1, nrook_loot_triangle
D:13:     david_vaults_4, hangedman_devilish_allure
D:14:     hangedman_abyss_or_decor_passed, uniq_urug
D:15:     grunt_enter_depths_snipers, serial_park_square1, serial_shops,
          nicolae_shop_crystal, shop
Lair:2:   spider_nest_entry_funnel_web, wad_woods_river_01,
          serial_bayou_shore_a, lemuel_fruit_fields
Lair:3:   regret_index_combs_of_tragedy, disabler_island, grunt_megastairs_5
Lair:4:   minmay_shoals_entry_hut, nicolae_quartered_pool_medium, ice2_lemuel,
          uniq_rupert
Lair:5:   lab_entry_generic
Lair:6:   guppyfry_lair_end_dragon, hangedman_lair_in_review, slime_altar_1,
          st_stairs_7
Shoals:2: serial_shops, shop
Shoals:4: shoals_end_grunt_ice, shoal_ilsuiw, serial_shops, nicolae_shop_trees,
          shop_fountains, shop, nicolae_shop_competitors_out_of_business,
          nicolae_shoals_mertower
Spider:1: uniq_kirke, uniq_azrael
Spider:2: nicolae_orb_stairs
Spider:3: uniq_agnes
Spider:4: spider_rune_water
Orc:1:    basic_altar
Orc:2:    st_orc_congregation, nicolae_orc_jurassic_orc
Elf:1:    eino_elf_arrival_the_gate, mu_enter_wizlab_2,
          hangedman_corner_corridor
Elf:2:    lemuel_flame_loot_1, uniq_aizul
Elf:3:    minmay_elf_hall_dome, basic_altar, spider_trap,
          statue_in_the_mist_lemuel, minmay_the_grid_2x2
Vaults:1: nicolae_vaults_three_branches, vaults_mumra_hex, vaults_room_fours,
          hangedman_vaults_trim, vaults_standard_mumra_lines,
          nicolae_vaults_alarming, ontoclasm_vaults_gateway,
          vaults_dpeg_encased_lava, serial_shops, shop
Vaults:2: minmay_crypt_entry_simple_sparse, ontoclasm_vaults_twist,
          v_alt_pattern_3, ontoclasm_vaults_shout, v_pattern_2,
          vaults_room_boxed, ontoclasm_vaults_decontamination,
          grunt_vaults_hallway_long, grunt_vaults_swirl, vaults_dpeg_hooks,
          v_misc_24, nicolae_vaults_little_squares_1, v_misc_9,
          nicolae_vaults_specimen_jars, hangedman_vaults_slice,
          hangedman_vaults_river_flow, ontoclasm_vaults_pinch
Vaults:3: nicolae_vaults_little_squares_4, hangedman_vaults_corner_blocks,
          v_misc_3, v_misc_13, nicolae_vaults_twisting_passages,
          vaults_standard_mumra_x, hangedman_vaults_cutoff,
          nicolae_vaults_little_ls, hangedman_vaults_trim,
          grunt_vaults_diagonal, v_misc_26, v_misc_19, vaults_mumra_lcd
Vaults:4: hangedman_vaults_restitches, hangedman_vaults_cutoff, v_misc_17,
          ontoclasm_vaults_tryst, nicolae_vaults_circle_grid_b, v_misc_30,
          v_pattern_4, hangedman_vaults_unwind, vaults_room_corners,
          hangedman_vaults_stretched_pinwheel, st_more_cells, v_misc_23,
          vaults_room_ringed_pool, stair_cage_open
Vaults:5: uniq_xtahua, uniq_sojobo, uniq_margery
Depths:1: grunt_hell_entry_dis_grunt, hangedman_abyss_or_decor_jellyfish_corner,
          kennysheep_underground_church
Depths:2: mu_elephants_graveyard, hellmouth_1, minmay_orc_keep,
          minmay_staircase_bubble
Depths:3: cheibrodos_hall_of_evolution, enter_ziggurat_f, abyss_entry_crystal,
          infiniplex_staircase_zigzag_1, pf_coc_iceberg, rand_demon_pan_entry_3,
          serial_sigils_hangedman_gut, kennysheep_pointless_box,
          serial_bayou_pond_d, grunt_ministairs_3, st_stairs_1, feat_on_display
Depths:4: radiant_caverns_a_rkd, serial_shops, hell_entry, abyss_entry
Depths:5: grunt_x_marks_the_spot, minivault_14, grunt_pan_entry_spiral,
          hell_entry, hangedman_abyss_entry_splay, basic_stair_grate_trap
Zot:1:    kennysheep_ambush_hall
Abyss:3:  guppyfry_abyss_exit_glass_guarded, gammafunk_corrupted_shrine,
          due_evilmike_abyss_rune_seething_liches, evilmike_abyss_exit_16
Lab:      labyrinth_watery, nicolae_lab_lava
Ossuary:  ossuary_zaba_two_paths
Bailey:   bailey_polearm_gnolls_kennysheep, bailey
WizLab:   wizlab_golubria

Skill      XL: |  1  2  3  4  5  6  7  8  9 10 11 12 13 14 15 16 17 18 19 20 21 22 23 24 25 26 27 |
---------------+----------------------------------------------------------------------------------+-----
Maces & Flails | 3 9 13 14 15 | 15.8
Dodging        | 3 4 5 6 7 8 9 11 13 14 15 16 17 18 19 20 21 22 23 | 23.6
Fighting       | 4 5 6 7 8 9 11 12 13 14 15 16 18 19 20 21 22 23 | 23.7
Short Blades   | 3 4 5 6 8 10 | 10.1
Stealth        | 1 3 5 7 10 12 | 12.2
Evocations     | 1 6 10 11 12 13 14 | 14.0
Armour         | 6 8 9 10 11 12 13 14 15 16 | 16.5
Shields        | 5 6 8 9 |  9.2
Staves         | 10 | 10.0

Action                   |  1- 3 |  4- 6 |  7- 9 | 10-12 | 13-15 | 16-18 | 19-21 | 22-24 | 25-27 || total
-------------------------+-------+-------+-------+-------+-------+-------+-------+-------+-------++-------
Melee: Mace              |    47 |       |       |       |       |   102 |   190 |       |       ||   339
       Dagger            |    12 |    73 |   389 |   781 |  1708 |  1751 |       |       |       ||  4714
       Morningstar       |       |       |       |       |       |   359 |  1842 |       |       ||  2201
       Rapier            |       |       |       |       |       |    26 |       |       |       ||    26
       Eveningstar       |       |       |       |       |       |       |   404 |    18 |       ||   422
       Lajatang          |       |       |       |       |       |       |       |  1812 |  2027 ||  3839
Invok: Berserk           |     1 |     2 |     2 |     9 |     7 |    23 |    14 |     5 |     6 ||    69
       Trog's Hand       |     1 |       |     1 |    12 |    15 |    20 |    12 |    12 |     4 ||    77
       Brothers in Arms  |       |       |     2 |    10 |     9 |    10 |     3 |     6 |     4 ||    44
 Abil: Evoke Fog         |       |       |       |       |       |       |    35 |    20 |    16 ||    71
       Blink             |       |       |       |       |       |       |       |     1 |     1 ||     2
Evoke: Wand              |       |       |     2 |     9 |    47 |   116 |    35 |     3 |    10 ||   222
       Lamp of fire      |       |       |       |     1 |     1 |     5 |     5 |     1 |     2 ||    15
       Phantom mirror    |       |       |       |       |     1 |       |       |       |       ||     1
       Box of beasts     |       |       |       |       |       |     3 |       |       |       ||     3
       Fan of gales      |       |       |       |       |       |     1 |       |     1 |       ||     2
       Phial of floods   |       |       |       |       |       |       |     1 |       |       ||     1
  Use: Potion            |     1 |       |       |     1 |    10 |    19 |    11 |     5 |     7 ||    54
       Scroll            |       |       |    14 |    11 |    19 |    20 |    14 |    10 |    11 ||    99
 Stab: Sleeping          |       |     1 |    25 |    33 |    24 |    10 |    17 |    19 |    23 ||   152
       Distracted        |       |     1 |       |     2 |    13 |     6 |    13 |     6 |     7 ||    48
       Confused          |       |       |       |       |     1 |       |       |       |       ||     1
       Petrifying        |       |       |       |       |     1 |       |       |       |       ||     1
       Petrified         |       |       |       |       |     1 |       |       |       |       ||     1
       Paralysed         |       |       |       |       |       |    12 |    12 |       |       ||    24
       Invisible         |       |       |       |       |       |       |     3 |    14 |       ||    17
  Eat: Chunk             |     8 |     1 |    14 |    46 |    38 |    77 |    84 |    57 |    47 ||   372
       Ration            |       |       |       |       |     5 |    10 |     6 |     1 |    11 ||    33
Armor: Animal skin       |     6 |       |       |       |       |       |       |       |       ||     6
       Robe              |       |     5 |    31 |       |       |       |       |       |       ||    36
       Troll leather arm |       |       |     4 |    83 |    58 |       |       |       |       ||   145
       Chain mail        |       |       |       |       |   405 |   852 |   584 |   230 |       ||  2071
       Scale mail        |       |       |       |       |       |       |       |   289 |   571 ||   860
Dodge: Dodged            |    40 |    70 |   205 |   682 |  1063 |  1895 |  1382 |  1863 |  2540 ||  9740
Block: Shield            |       |       |       |       |   308 |  2248 |  1932 |    14 |       ||  4502

Table legend:
 A = Spawn XP
 B = Non-spawn XP
 C = Spawn XP percentage of total XP
 D = Spawn monster count
 E = Non-spawn monster count
 F = Spawn count percentage of total count
 G = Total turns spent on level
                    A         B        C        D         E        F      G
               +---------+---------+-------+---------+---------+-------+---------
         Total |    4505 | 1149864 |   0.4 |       8 |    2363 |   0.3 | 78513
               +---------+---------+-------+---------+---------+-------+---------
           D:1 |       0 |      37 |   0.0 |       0 |      20 |   0.0 |  1011
           D:2 |       0 |     233 |   0.0 |       0 |       8 |   0.0 |   385
           D:3 |       0 |     349 |   0.0 |       0 |      30 |   0.0 |   759
           D:4 |       0 |     566 |   0.0 |       0 |      17 |   0.0 |   750
           D:5 |       0 |     385 |   0.0 |       0 |      10 |   0.0 |   709
           D:6 |       0 |     942 |   0.0 |       0 |      20 |   0.0 |   897
           D:7 |       0 |    1543 |   0.0 |       0 |      28 |   0.0 |  1144
           D:8 |       0 |    2284 |   0.0 |       0 |      32 |   0.0 |   912
           D:9 |       0 |    3548 |   0.0 |       0 |      38 |   0.0 |   943
          D:10 |       0 |    4097 |   0.0 |       0 |      63 |   0.0 |  1610
          D:11 |       0 |    5703 |   0.0 |       0 |      61 |   0.0 |  1615
          D:12 |       0 |    5981 |   0.0 |       0 |      51 |   0.0 |  1312
          D:13 |       0 |    5950 |   0.0 |       0 |      33 |   0.0 |  1681
          D:14 |       0 |   12388 |   0.0 |       0 |      32 |   0.0 |  1514
          D:15 |       0 |   13433 |   0.0 |       0 |      33 |   0.0 |  1203
        Lair:1 |       0 |    4456 |   0.0 |       0 |      21 |   0.0 |  1145
        Lair:2 |       0 |   15883 |   0.0 |       0 |      63 |   0.0 |  2502
        Lair:3 |       0 |   11040 |   0.0 |       0 |      64 |   0.0 |  1325
        Lair:4 |       0 |    7487 |   0.0 |       0 |      26 |   0.0 |  1075
        Lair:5 |       0 |    3165 |   0.0 |       0 |      12 |   0.0 |   817
        Lair:6 |       0 |   16262 |   0.0 |       0 |      47 |   0.0 |  1641
      Shoals:1 |       0 |   15883 |   0.0 |       0 |      34 |   0.0 |  1247
      Shoals:2 |       0 |   21368 |   0.0 |       0 |      47 |   0.0 |  2030
      Shoals:3 |       0 |   17141 |   0.0 |       0 |      34 |   0.0 |  4191
      Shoals:4 |       0 |   40083 |   0.0 |       0 |      69 |   0.0 |  1787
      Spider:1 |       0 |   13116 |   0.0 |       0 |      40 |   0.0 |  1565
      Spider:2 |       0 |   13464 |   0.0 |       0 |      36 |   0.0 |  1801
      Spider:3 |       0 |    6694 |   0.0 |       0 |      13 |   0.0 |  1248
      Spider:4 |       0 |   28997 |   0.0 |       0 |      61 |   0.0 |  2474
         Orc:1 |       0 |    2594 |   0.0 |       0 |      25 |   0.0 |   686
         Orc:2 |       0 |   13901 |   0.0 |       0 |     105 |   0.0 |  2168
         Elf:1 |       0 |   26040 |   0.0 |       0 |      47 |   0.0 |  2026
         Elf:2 |       0 |   59256 |   0.0 |       0 |      66 |   0.0 |  3941
         Elf:3 |       0 |   41834 |   0.0 |       0 |      53 |   0.0 |  1877
      Vaults:1 |       0 |   38992 |   0.0 |       0 |      87 |   0.0 |  3260
      Vaults:2 |       0 |   56945 |   0.0 |       0 |     107 |   0.0 |  3095
      Vaults:3 |       0 |   39045 |   0.0 |       0 |      70 |   0.0 |  1358
      Vaults:4 |       0 |   97343 |   0.0 |       0 |     132 |   0.0 |  2967
      Vaults:5 |       0 |  131014 |   0.0 |       0 |     117 |   0.0 |  2529
      Depths:1 |       0 |   32005 |   0.0 |       0 |      46 |   0.0 |  1136
      Depths:2 |       0 |   59107 |   0.0 |       0 |      52 |   0.0 |  2098
      Depths:3 |       0 |   70781 |   0.0 |       0 |      78 |   0.0 |  2131
      Depths:4 |       0 |   58456 |   0.0 |       0 |      94 |   0.0 |  2254
      Depths:5 |       0 |   89866 |   0.0 |       0 |      84 |   0.0 |  2194
         Zot:1 |       0 |   31420 |   0.0 |       0 |      22 |   0.0 |   664
       Abyss:3 |    4505 |   11849 |  27.5 |       8 |      20 |  28.6 |   544
           Lab |       0 |    1582 |   0.0 |       0 |       4 |   0.0 |   453
       Ossuary |       0 |     225 |   0.0 |       0 |      51 |   0.0 |   405
        Bailey |       0 |     871 |   0.0 |       0 |      30 |   0.0 |   483
        WizLab |       0 |   14260 |   0.0 |       0 |      30 |   0.0 |   951
               +---------+---------+-------+---------+---------+-------+---------

Vault maps used:
D:1:      minmay_arrival_arboretum_small
D:2:      old_standard_altar, chequers_ecumenical_altar_simple, uniq_sigmund
D:3:      gammafunk_wand_slinger, lemuel_doored_altar, uniq_jessica
D:4:      led_xom_imps, nemelex_xobeh_ov_fountains_minmay, temple_hall,
          first_ration
D:5:      kennysheep_mini_moat, gup_ossuary_entry_pyramid
D:6:      lemuel_round_altar, okawaru_gym_becter
D:7:      dancing_weapons_uskayaw, serial_shops, nicolae_shop_waterfront,
          lemuel_oklob_altar
D:8:      kennysheep_mini, uniq_pikel, uniq_gastronok
D:9:      yredelemnul_altar_generic, enter_bailey_3
D:10:     lemuel_upstairs_altar, zombieorc2_lemuel, nicolae_trove_entry_crystal,
          uniq_grum, uniq_sonja
D:11:     lair_entry_dummy, nicolae_looking_at_the_future
D:12:     grunt_tengu_nest, st_stairs_1, nrook_loot_triangle
D:13:     david_vaults_4, hangedman_devilish_allure
D:14:     hangedman_abyss_or_decor_passed, uniq_urug
D:15:     grunt_enter_depths_snipers, serial_park_square1, serial_shops,
          nicolae_shop_crystal, shop
Lair:2:   spider_nest_entry_funnel_web, wad_woods_river_01,
          serial_bayou_shore_a, lemuel_fruit_fields
Lair:3:   regret_index_combs_of_tragedy, disabler_island, grunt_megastairs_5
Lair:4:   minmay_shoals_entry_hut, nicolae_quartered_pool_medium, ice2_lemuel,
          uniq_rupert
Lair:5:   lab_entry_generic
Lair:6:   guppyfry_lair_end_dragon, hangedman_lair_in_review, slime_altar_1,
          st_stairs_7
Shoals:2: serial_shops, shop
Shoals:4: shoals_end_grunt_ice, shoal_ilsuiw, serial_shops, nicolae_shop_trees,
          shop_fountains, shop, nicolae_shop_competitors_out_of_business,
          nicolae_shoals_mertower
Spider:1: uniq_kirke, uniq_azrael
Spider:2: nicolae_orb_stairs
Spider:3: uniq_agnes
Spider:4: spider_rune_water
Orc:1:    basic_altar
Orc:2:    st_orc_congregation, nicolae_orc_jurassic_orc
Elf:1:    eino_elf_arrival_the_gate, mu_enter_wizlab_2,
          hangedman_corner_corridor
Elf:2:    lemuel_flame_loot_1, uniq_aizul
Elf:3:    minmay_elf_hall_dome, basic_altar, spider_trap,
          statue_in_the_mist_lemuel, minmay_the_grid_2x2
Vaults:1: nicolae_vaults_three_branches, vaults_mumra_hex, vaults_room_fours,
          hangedman_vaults_trim, vaults_standard_mumra_lines,
          nicolae_vaults_alarming, ontoclasm_vaults_gateway,
          vaults_dpeg_encased_lava, serial_shops, shop
Vaults:2: minmay_crypt_entry_simple_sparse, ontoclasm_vaults_twist,
          v_alt_pattern_3, ontoclasm_vaults_shout, v_pattern_2,
          vaults_room_boxed, ontoclasm_vaults_decontamination,
          grunt_vaults_hallway_long, grunt_vaults_swirl, vaults_dpeg_hooks,
          v_misc_24, nicolae_vaults_little_squares_1, v_misc_9,
          nicolae_vaults_specimen_jars, hangedman_vaults_slice,
          hangedman_vaults_river_flow, ontoclasm_vaults_pinch
Vaults:3: nicolae_vaults_little_squares_4, hangedman_vaults_corner_blocks,
          v_misc_3, v_misc_13, nicolae_vaults_twisting_passages,
          vaults_standard_mumra_x, hangedman_vaults_cutoff,
          nicolae_vaults_little_ls, hangedman_vaults_trim,
          grunt_vaults_diagonal, v_misc_26, v_misc_19, vaults_mumra_lcd
Vaults:4: hangedman_vaults_restitches, hangedman_vaults_cutoff, v_misc_17,
          ontoclasm_vaults_tryst, nicolae_vaults_circle_grid_b, v_misc_30,
          v_pattern_4, hangedman_vaults_unwind, vaults_room_corners,
          hangedman_vaults_stretched_pinwheel, st_more_cells, v_misc_23,
          vaults_room_ringed_pool, stair_cage_open
Vaults:5: uniq_xtahua, uniq_sojobo, uniq_margery
Depths:1: grunt_hell_entry_dis_grunt, hangedman_abyss_or_decor_jellyfish_corner,
          kennysheep_underground_church
Depths:2: mu_elephants_graveyard, hellmouth_1, minmay_orc_keep,
          minmay_staircase_bubble
Depths:3: cheibrodos_hall_of_evolution, enter_ziggurat_f, abyss_entry_crystal,
          infiniplex_staircase_zigzag_1, pf_coc_iceberg, rand_demon_pan_entry_3,
          serial_sigils_hangedman_gut, kennysheep_pointless_box,
          serial_bayou_pond_d, grunt_ministairs_3, st_stairs_1, feat_on_display
Depths:4: radiant_caverns_a_rkd, serial_shops, hell_entry, abyss_entry
Depths:5: grunt_x_marks_the_spot, minivault_14, grunt_pan_entry_spiral,
          hell_entry, hangedman_abyss_entry_splay, basic_stair_grate_trap
Zot:1:    kennysheep_ambush_hall
Abyss:3:  guppyfry_abyss_exit_glass_guarded, gammafunk_corrupted_shrine,
          due_evilmike_abyss_rune_seething_liches, evilmike_abyss_exit_16
Lab:      labyrinth_watery, nicolae_lab_lava
Ossuary:  ossuary_zaba_two_paths
Bailey:   bailey_polearm_gnolls_kennysheep, bailey
WizLab:   wizlab_golubria

Table legend:
 A = Turns spent in this place as a percentage of turns spent in the entire game.
 B = Non-inter-level travel turns spent in this place as a percentage of non-inter-level travel turns spent in the entire game.
 C = Inter-level travel turns spent in this place as a percentage of turns spent in this place.
 D = Turns resting spent in this place as a percentage of non-inter-level travel turns spent in this place.
 E = Turns spent auto-exploring this place as a percentage of non-inter-level travel turns spent in this place.
 F = Non-inter-level travel turns spent in this place divided by the number of levels of this place that you've seen.
                   A       B       C       D       E      F
               +-------+-------+-------+-------+-------+----------------------
         Total | 100.0 | 100.0 |   7.2 |  31.3 |  34.9 | 1457.2
       Dungeon |  20.9 |  20.0 |  11.2 |  16.0 |  53.2 | 973.9
          Lair |  10.8 |  10.7 |   8.7 |  17.8 |  50.7 | 1294.7
        Shoals |  11.8 |  12.1 |   4.7 |  52.3 |  18.3 | 2205.8
   Spider Nest |   9.0 |   9.4 |   3.4 |  51.8 |  20.0 | 1711.8
  Orcish Mines |   3.6 |   2.8 |  28.8 |  10.4 |  46.7 | 1015.5
   Elven Halls |  10.0 |   9.8 |   8.8 |  40.1 |  21.0 | 2383.3
        Vaults |  16.8 |  17.1 |   5.5 |  37.2 |  29.4 | 2495.6
        Depths |  12.5 |  13.3 |   1.6 |  30.5 |  37.7 | 1931.0
           Zot |   0.8 |   0.9 |   0.2 |   2.4 |  50.5 | 663.0
         Abyss |   0.7 |   0.7 |   0.0 |  32.7 |   2.0 | 544.0
     Labyrinth |   0.6 |   0.6 |   0.0 |   0.0 |   0.0 | 453.0
       Ossuary |   0.5 |   0.6 |   0.0 |   0.0 |  29.1 | 405.0
        Bailey |   0.6 |   0.7 |   0.0 |   0.0 |  31.5 | 483.0
        Wizlab |   1.2 |   1.3 |   0.0 |   3.5 |  37.6 | 951.0
               +-------+-------+-------+-------+-------+----------------------

Table legend:
 A = Kills in this place as a percentage of kills in entire the game.
 B = Kills by you in this place as a percentage of kills by you in the entire game.
 C = Kills by friends in this place as a percentage of kills by friends in the entire game.
 D = Other kills in this place as a percentage of other kills in the entire game.
 E = Experience gained in this place as a percentage of experience gained in the entire game.
 F = Experience gained in this place divided by the number of levels of this place that you have seen.
                   A       B       C       D       E      F
               +-------+-------+-------+-------+-------+----------------------
         Total | 100.0 | 100.0 | 100.0 | 100.0 | 100.0 | 23087.4
       Dungeon |  20.1 |  18.7 |  28.1 |  33.1 |   5.0 | 3829.3
          Lair |   9.8 |   9.5 |   4.4 |  19.3 |   5.0 | 9715.5
        Shoals |   7.8 |   6.8 |   8.9 |  20.0 |   8.2 | 23618.8
   Spider Nest |   6.3 |   6.2 |   6.7 |   7.6 |   5.4 | 15567.8
  Orcish Mines |   5.5 |   5.0 |  11.1 |   7.6 |   1.4 | 8247.5
   Elven Halls |   7.0 |   7.7 |   0.0 |   2.8 |  11.0 | 42376.7
        Vaults |  21.6 |  23.0 |  20.0 |   3.4 |  31.5 | 72667.8
        Depths |  14.9 |  16.2 |   8.9 |   2.8 |  26.9 | 62043.0
           Zot |   0.9 |   1.1 |   0.0 |   0.0 |   2.7 | 31420.0
         Abyss |   1.2 |   1.3 |   0.0 |   0.0 |   1.4 | 16354.0
     Labyrinth |   0.2 |   0.2 |   0.0 |   0.0 |   0.1 | 1582.0
       Ossuary |   2.2 |   2.2 |   0.0 |   3.4 |   0.0 | 225.0
        Bailey |   1.3 |   0.7 |  11.9 |   0.0 |   0.1 | 871.0
        Wizlab |   1.3 |   1.4 |   0.0 |   0.0 |   1.2 | 14260.0
               +-------+-------+-------+-------+-------+----------------------
